 Dungeon Crawl Stone Soup version 0.30.1-11-g7821555f0a (webtiles) character file.

Game seed: 1438897826388870851

118703 ioannis32 the Cleaver (level 16, 0/129 HPs)
             Began as a Demonspawn Berserker on Nov 15, 2023.
             Was an Elder of Trog.
             Succumbed to a +0 morningstar of venom's poison
             ... on level 2 of the Elven Halls.
             The game lasted 01:46:43 (29960 turns).

ioannis32 the Cleaver (Demonspawn Berserker)       Turns: 29960, Time: 01:46:44

Health: 0/129      AC: 23    Str: 22    XL:     16   Next: 26%
Magic:  34/34      EV: 19    Int:  9    God:    Trog [****..]
Gold:   1529       SH:  7    Dex: 21    Spells: 15/15 levels left

rFire   + + +        f - +8 broad axe (drain)
rCold   + + .        Q - +1 buckler of Hubris {Dex+2}
rNeg    + + +        S - +1 chain mail of Kleptomania {rElec rPois rC- MP+9}
rPois   +            e - +2 helmet
rElec   +            C - scarf {rC+ rF+}
rCorr   .            (gloves unavailable)
SInv    .            z - +2 pair of boots
Will    +....        L - amulet "Goced" {Acrobat rC+ rN+}
Stlth   +            M - ring of Sayt {rF++ rC+ rN+ Dex+3}
HPRegen 0.41/turn    p - ring "Weanoud" {rF+ rN+ MP+9 Stlth+}
MPRegen 0.24/turn

%: acrobat
@: mighty, agile, lethally poisoned (0 -> -32)
A: yellow scales 2, powered by pain 1, demonic magic 2, demonic touch 3
a: Renounce Religion, Berserk, Trog's Hand, Brothers in Arms


You were on level 2 of the Elven Halls.
You worshipped Trog.
Trog was greatly pleased with you.
You visited 4 branches of the dungeon, and saw 24 of its levels.
You also visited: Bailey and Gauntlet.

You collected 4434 gold pieces.
You spent 2905 gold pieces at shops.

Inventory:

Hand Weapons
 f - a +8 broad axe of draining (weapon)
 m - a +2 broad axe of freezing
 R - a +2 hand axe of flaming
Missiles
 g - 6 boomerangs
 n - 10 curare-tipped darts (quivered)
 r - 8 silver javelins
 Z - 14 javelins
Armour
 e - a +2 helmet (worn)
 z - a +2 pair of boots (worn)
 C - a scarf of resistance (worn)
 Q - the +1 buckler of Hubris (worn) {Dex+2}
   (You bought it in a shop on level 1 of the Elven Halls)

   Dex:       It affects your dexterity (+2).
 S - the +1 chain mail of Kleptomania (worn) {rElec rPois rC- MP+9}
   (You took it off an orc on level 10 of the Dungeon)

   rC:        It makes you vulnerable to cold.
   rElec:     It insulates you from electricity.
   rPois:     It protects you from poison.
   MP:        It affects your magic capacity (+9).
Jewellery
 p - the ring "Weanoud" (right hand) {rF+ rN+ MP+9 Stlth+}
   (You bought it in a shop on level 2 of the Orcish Mines)

   [ring of magical power]

   rF:        It protects you from fire.
   rN:        It protects you from negative energy.
   MP:        It affects your magic capacity (+9).
   Stlth:     It makes you more stealthy.
 L - the amulet "Goced" (around neck) {Acrobat rC+ rN+}
   (You found it in a Gauntlet)

   [amulet of the acrobat]

   It increases your evasion while moving and waiting.
   rC:        It protects you from cold.
   rN:        It protects you from negative energy.
 M - the ring of Sayt (left hand) {rF++ rC+ rN+ Dex+3}
   (You acquired it on level 1 of the Elven Halls)

   [ring of protection from cold]

   Dex:       It affects your dexterity (+3).
   rF:        It greatly protects you from fire.
   rC:        It protects you from cold.
   rN:        It protects you from negative energy.
Wands
 E - a wand of paralysis (2)
 N - a wand of mindburst (18)
 W - a wand of flame (19)
Scrolls
 a - 5 scrolls of fear
 u - 2 scrolls of summoning
 v - a scroll of silence
 w - 6 scrolls of fog
 x - 14 scrolls of teleportation
 y - 2 scrolls of blinking
 A - 6 scrolls of vulnerability
 B - a scroll of brand weapon
 F - a scroll of immolation
 I - 3 scrolls of poison
 K - a scroll of torment
 O - 5 scrolls of magic mapping
 P - 2 scrolls of noise
Potions
 b - 3 potions of ambrosia
 c - 4 potions of flight
 d - 3 potions of heal wounds
 h - a potion of cancellation
 i - a potion of resistance
 j - 9 potions of curing
 k - 5 potions of attraction
 l - 7 potions of might
 o - 2 potions of magic
 q - 2 potions of haste
 t - a potion of berserk rage
 G - 2 potions of lignification
 H - a potion of invisibility
 J - 10 potions of mutation
Miscellaneous
 s - a box of beasts
 D - a tin of tremorstones (inert)


   Skills:
 * Level 12.8 Fighting
 - Level 3.8 Long Blades
 + Level 14.8 Axes
 * Level 9.1 Throwing
 * Level 12.0 Armour
 * Level 9.3 Dodging
 + Level 3.5 Stealth
 * Level 6.2 Shields
 * Level 8.7 Evocations


You had 15 spell levels left.
You didn't know any spells.
Your spell library was empty.

Dungeon Overview and Level Annotations

Branches:
Dungeon (15/15)            Temple (0/1) D:5            Lair (5/5) D:10
 Shoals (0/4) Lair:2        Snake (0/4) Lair:3        Slime (0/5) Lair:4
    Orc (2/2) D:10            Elf (2/3) Orc:2        Vaults (0/5) D:13
 Depths (0/4) D:15         Bailey (visited)         Gauntlet (visited)

Altars:
Ashenzari
Cheibriados
Gozag
Hepliaklqana
Kikubaaqudgha
Nemelex Xobeh
Qazlal
Ru
Uskayaw
Wu Jian
Xom
Yredelemnul
Jiyva

Shops:
D:2 !   D:5 *:   D:14 *   Orc:1 (   Orc:2 =*([   Elf:1 *[(*


Innate Abilities, Weirdness & Mutations

You are mostly covered in yellow scales. (AC +3)
You sometimes gain a little power by taking damage.
Spells you cast may paralyse nearby enemies.
Your touch may irresistibly damage your foes and sap their willpower.


Message History

You feel better.
Unknown command.
Aiming: Paralyse
Press: ? - help, Q - select action, (/) - cycle Shift-Dir - straight line, f - +0 morningstar of venom
Aim: a +0 morningstar of venom (moderately damaged, infinite will)
Okay, then.
Aiming: Mindburst
Press: ? - help, Q - select action, (/) - cycle Shift-Dir - straight line, f - +0 morningstar of venom
Aim: a +0 morningstar of venom (moderately damaged, infinite will)
Okay, then.
Unknown command.
Your ogre goes berserk!
Unknown command.
You completely miss the +0 morningstar of venom.
The +0 morningstar of venom is lightly damaged.
Your ogre barely misses the +0 morningstar of venom.
The +0 morningstar of venom hits you.
* * * LOW HITPOINT WARNING * * *
You are poisoned.
Unknown command.
You hit the +0 morningstar of venom but do no damage.
The +0 morningstar of venom is lightly damaged.
You feel sick. The +0 morningstar of venom hits you!!
* * * LOW HITPOINT WARNING * * *
You focus on the pain.
You feel very mighty all of a sudden.
Your ogre closely misses the +0 morningstar of venom.
You feel much better.
You feel sick.
The +0 morningstar of venom closely misses you.
Your ogre closely misses the +0 morningstar of venom.
The +0 morningstar of venom hits you!!
* * * LOW HITPOINT WARNING * * *
You focus on the pain.
You feel more agile all of a sudden.
You are lethally poisoned!
Unknown command.
Blink to where?
Press: ? - help, Dir - move target
As you read the scroll of blinking, it crumbles to dust.
You die...

...)..'###...###...
#...###'.......##+.
#### #...........#.
#...........#
#....(......#
+)<..O§.....#
#.[)........#
#.....[.....#
#!.......=.@#
##+.......###
###...### #####


You could see a +0 morningstar of venom (ally target) and a friendly ogre
(summoned, berserk).

Vanquished Creatures
  Gastronok (D:8)
  An orc warlord (Orc:2)
  A minotaur (Gauntlet)
  2 deep elf death magi (Elf:1)
  2 fire dragons
  Josephine (D:15)
  An ice dragon (D:15)
  2 vault guards (Bailey)
  Fannar (Lair:2)
  2 centaur warriors (D:13)
  7 hydras
  A boulder beetle (Lair:4)
  An ogre mage (D:15)
  A dancing weapon (Elf:1)
  12 two-headed ogres
  2 tengu warriors (D:13)
  2 death scarabs (Gauntlet)
  Urug (Orc:2)
  2 orc high priests
  A skyshark (Lair:5)
  A deep elf knight (Elf:1)
  A large abomination (Elf:1)
  2 spectral death yaks (Gauntlet)
  The ghost of TangoThomas the Ducker, a novice MfMo of Ashenzari (D:7)
  A death drake (D:14)
  6 skeletal warriors
  2 wizards
  3 deep elf archers
  4 orc knights
  8 deep elf zephyrmancers
  9 deep elf pyromancers
  A harpy (Lair:2)
  3 necromancers (Elf:1)
  The ghost of kalagan the Thaumaturge, a novice DECj of Sif Muna (D:9)
  Pikel (D:8)
  A lindwurm (Lair:5)
  8 manticores
  3 cyclopes
  12 elephants
  5 ugly things (D:15)
  3 orc sorcerers
  A worldbinder (Gauntlet)
  2 slime creatures (D:14)
  3 black mambas
  7 torpor snails
  2 gargoyles
  6 cane toads
  A kobold demonologist (D:11)
  An efreet (D:13)
  Maggie (D:8)
  11 komodo dragons
  2 rime drakes (Lair:1)
  5 trolls
  A tengu conjurer (D:13)
  10 polar bears (Lair:5)
  3 meliai (D:15)
  A merfolk (D:11)
  9 hornets
  3 tyrant leeches (Lair:5)
  3 raiju (Lair:5)
  16 blink frogs
  Prince Ribbit (Bailey)
  Grinder (D:5)
  41 yaks
  4 wyverns
  2 hogs (D:11)
  9 basilisks
  A water elemental (Elf:1)
  9 wraiths
  14 humans
  A fire elemental (Elf:1)
  A human (shapeshifter) (D:14)
  Menkaure (D:6)
  9 wargs
  Duvessa (D:4)
  2 swamp worms (Lair:1)
  2 acid dragons
  14 hell hounds (Lair:5)
  10 water moccasins
  An ice beast (D:7)
  25 orc warriors
  23 black bears
  A sky beast (D:7)
  32 wolves
  3 boggarts (Gauntlet)
  3 ogres
  3 lemures (D:8)
  3 centaurs
  2 phantoms
  8 kobold brigands
  3 elf zombies (Elf:1)
  2 scorpions
  24 bullfrogs
  3 gnoll sergeants
  An earth elemental (Elf:1)
  10 wights
  Dowan (D:4)
  15 killer bees
  9 electric eels (D:11)
  4 howler monkeys
  6 jellies
  29 orc priests
  A gnoll bouda (D:11)
  4 hounds
  3 sleepcaps
  Crazy Yiuf (D:5)
  3 iguanas
  26 orc wizards
  Ijyb (D:4)
  Robin (D:3)
  14 gnolls
  10 adders
  2 shadow imps
  A white imp (D:5)
  2 ufetubi (D:5)
  3 worms
  5 dart slugs
  63 orcs
  8 endoplasms
  2 giant cockroaches
  16 goblins
  13 hobgoblins
  8 quokkas
  6 ball pythons
  6 bats
  4 frilled lizards
  32 kobolds
  2 rats (D:3)
779 creatures vanquished.

Vanquished Creatures (collateral kills)
  Roxanne (D:15)
  A deep elf sorcerer (Elf:1)
  Erolcha (Orc:2)
  2 two-headed ogres (D:11)
  A skeletal warrior (D:12)
  A deep elf pyromancer (Elf:1)
  A polar bear (Lair:5)
  A hornet (Lair:5)
  2 dream sheep (Lair:2)
  A tyrant leech (Lair:5)
  6 yaks
  7 slime creatures
  3 wargs
  4 orc warriors
  A bullfrog (Lair:2)
  A gnoll sergeant (D:11)
  2 killer bees (D:10)
  A gnoll bouda (D:11)
  2 orcs (Orc:2)
  A kobold (D:11)
40 creatures vanquished.

Vanquished Creatures (others)
  An air elemental (Elf:1)
  A human (D:13)
2 creatures vanquished.

Grand Total: 821 creatures vanquished

Notes
Turn   | Place    | Note
-------+----------+-------------------------------------------
     0 | D:1      | ioannis32 the Demonspawn Berserker began the quest for the
                  | Orb.
     0 | D:1      | Reached XP level 1. HP: 18/18 MP: 1/1
    89 | D:1      | Gained mutation: You are partially covered in yellow
                  | scales. (AC +2) [demonic ancestry]
    89 | D:1      | Reached XP level 2. HP: 24/24 MP: 2/2
   406 | D:1      | Reached XP level 3. HP: 26/30 MP: 3/3
   489 | D:1      | Reached ** piety under Trog
  1055 | D:2      | Reached skill level 3 in Axes
  1394 | D:2      | Found Vinoezap's Distillery.
  1414 | D:2      | Bought a potion of curing for 42 gold pieces
  1414 | D:2      | Bought a potion of attraction for 42 gold pieces
  1414 | D:2      | Bought a potion of curing for 42 gold pieces
  1797 | D:2      | Found a hazy altar of Hepliaklqana.
  1881 | D:3      | Found a shimmering altar of Xom.
  1910 | D:3      | Noticed Robin
  1919 | D:3      | Reached XP level 4. HP: 29/37 MP: 2/4
  1922 | D:3      | Killed Robin
  2148 | D:3      | Noticed a water moccasin
  2161 | D:3      | Killed a water moccasin
  2162 | D:3      | Gained mutation: Your touch may inflict minor irresistible
                  | damage on your foes. [demonic ancestry]
  2162 | D:3      | Reached XP level 5. HP: 42/42 MP: 2/5
  3036 | D:4      | Noticed Duvessa
  3036 | D:4      | Noticed Dowan
  3043 | D:4      | Killed Dowan
  3044 | D:4      | Reached skill level 4 in Axes
  3044 | D:4      | Gained mutation: Spells you cast may paralyse adjacent
                  | enemies. [demonic ancestry]
  3044 | D:4      | Reached XP level 6. HP: 30/49 MP: 2/6
  3044 | D:4      | Killed Duvessa
  3135 | D:4      | Found an opulent altar of Gozag.
  3324 | D:4      | Noticed Ijyb
  3333 | D:4      | Killed Ijyb
  4028 | D:5      | Entered Level 5 of the Dungeon
  4045 | D:5      | Reached XP level 7. HP: 17/55 MP: 4/7
  4086 | D:5      | Reached skill level 1 in Evocations
  4153 | D:5      | Reached skill level 1 in Stealth
  4228 | D:5      | Found a staircase to the Ecumenical Temple.
  4231 | D:5      | Noticed Grinder
  4237 | D:5      | Reached skill level 5 in Fighting
  4242 | D:5      | Reached skill level 5 in Armour
  4248 | D:5      | Killed Grinder
  4249 | D:5      | Reached skill level 5 in Axes
  4249 | D:5      | Reached skill level 1 in Throwing
  4249 | D:5      | Reached XP level 8. HP: 62/62 MP: 6/8
  4445 | D:5      | Reached *** piety under Trog
  4446 | D:5      | Found Jahussil's Serpentskin Sales.
  4462 | D:5      | Bought a scroll of poison for 52 gold pieces
  4587 | D:5      | Found a stormy altar of Qazlal.
  4603 | D:5      | Found a large runed translucent door.
  4604 | D:5      | Found a large runed translucent door.
  4751 | D:5      | Found a runed translucent door.
  4752 | D:5      | Noticed Crazy Yiuf
  4758 | D:5      | Killed Crazy Yiuf
  4813 | D:5      | Found Qydeol's Tremendous Tomes.
  5043 | D:5      | Reached skill level 6 in Axes
  5102 | D:5      | Found an ornate altar of the Wu Jian Council.
  5105 | D:5      | Found an ancient bone altar of Kikubaaqudgha.
  5430 | D:6      | Noticed Menkaure
  5437 | D:6      | Killed Menkaure
  5602 | D:6      | Gained mutation: Spells you cast may paralyse nearby
                  | enemies. [demonic ancestry]
  5602 | D:6      | Reached XP level 9. HP: 65/68 MP: 9/9
  5732 | D:7      | Found a flagged portal.
  5790 | D:7      | Noticed a two-headed ogre
  5798 | D:7      | Killed a two-headed ogre
  5799 | D:7      | Reached skill level 7 in Axes
  5917 | Bailey   | Entered a bailey
  6073 | Bailey   | Reached **** piety under Trog
  6095 | Bailey   | Noticed Prince Ribbit
  6095 | Bailey   | Noticed a vault guard
  6105 | Bailey   | Killed Prince Ribbit
  6106 | Bailey   | Gained mutation: Your touch may inflict irresistible damage
                  | on your foes. [demonic ancestry]
  6106 | Bailey   | Reached XP level 10. HP: 55/77 MP: 10/10
  6112 | Bailey   | Killed a vault guard
  6113 | Bailey   | Reached skill level 5 in Dodging
  6158 | Bailey   | Noticed a vault guard
  6275 | Bailey   | Killed a vault guard
  6400 | D:7      | Found a broken altar of Ashenzari.
  6505 | D:7      | Reached skill level 8 in Axes
  6715 | D:7      | Noticed TangoThomas's ghost (novice MfMo)
  6718 | D:7      | Found a runed translucent door.
  6727 | D:7      | Found a basalt altar of Yredelemnul.
  6741 | D:7      | Killed TangoThomas's ghost
  7190 | D:2      | Bought a potion of cancellation for 112 gold pieces
  7190 | D:2      | Bought a potion of mutation for 112 gold pieces
  7380 | D:8      | Reached skill level 5 in Evocations
  7422 | D:8      | Found a sparkling altar of Nemelex Xobeh.
  7460 | D:8      | Noticed Maggie
  7477 | D:8      | Killed Maggie
  7540 | D:8      | Noticed Gastronok
  7566 | D:8      | Killed Gastronok
  7567 | D:8      | Reached XP level 11. HP: 42/84 MP: 3/11
  7571 | D:8      | Noticed Pikel
  7793 | D:8      | Found a sacrificial altar of Ru.
  7842 | D:8      | Killed Pikel
  8355 | D:9      | Noticed a two-headed ogre
  8368 | D:9      | Reached skill level 5 in Throwing
  8379 | D:9      | Killed a two-headed ogre
  8380 | D:9      | Reached skill level 9 in Axes
  8655 | D:9      | Found a runed translucent gate.
  8655 | D:9      | Found a runed translucent gate.
  8655 | D:9      | Found a runed translucent gate.
  8656 | D:9      | Noticed an 11-headed hydra
  8656 | D:9      | Noticed kalagan's ghost (novice DECj)
  8656 | D:9      | Noticed a ten-headed hydra
  8956 | D:2      | Bought a potion of haste for 140 gold pieces
  9118 | D:10     | Entered Level 10 of the Dungeon
  9234 | D:10     | Found a staircase to the Orcish Mines.
  9429 | D:10     | Paralysed by a hornet for 1 turns
  9471 | D:10     | Found a staircase to the Lair.
  9486 | D:10     | Noticed a two-headed ogre
  9503 | D:10     | Killed a two-headed ogre
  9504 | D:10     | Reached skill level 1 in Long Blades
  9545 | D:10     | Noticed a two-headed ogre
  9557 | D:10     | Identified the +6 dagger of Funam {flame, Int+4 Stlth+}
  9578 | D:10     | Gained mutation: You are mostly covered in yellow scales.
                  | (AC +3) [demonic ancestry]
  9578 | D:10     | Reached XP level 12. HP: 68/94 MP: 12/12
  9758 | D:10     | Found a snail-covered altar of Cheibriados.
  9771 | D:10     | Killed a two-headed ogre
  9772 | D:10     | Reached skill level 10 in Axes
  9819 | D:10     | Identified the +1 chain mail of Kleptomania {rElec rPois
                  | rC- MP+9}
 10981 | D:11     | Identified a scroll of acquirement
 10982 | D:11     | Acquired 877 gold pieces
 11524 | D:11     | Reached ***** piety under Trog
 11526 | D:11     | Noticed a two-headed ogre
 11541 | D:11     | Killed a two-headed ogre
 11652 | D:11     | Reached skill level 1 in Shields
 11771 | D:11     | Noticed a two-headed ogre
 11781 | D:11     | Killed a two-headed ogre
 11841 | D:11     | Found an ornate altar of the Wu Jian Council.
 12518 | D:11     | Noticed a two-headed ogre
 12518 | D:11     | Noticed a two-headed ogre
 12523 | D:11     | Killed a two-headed ogre
 12528 | D:11     | Killed a two-headed ogre
 12564 | D:11     | Identified the +9 flail of Income {flame, Str+2 Dex+3}
 13081 | D:12     | Gained mutation: Your touch may irresistibly damage your
                  | foes and sap their willpower. [demonic ancestry]
 13081 | D:12     | Reached XP level 13. HP: 46/101 MP: 9/13
 13569 | D:12     | Reached skill level 11 in Axes
 13982 | D:13     | Found a transporter.
 13986 | D:13     | Found a transporter.
 13991 | D:13     | Found a transporter.
 13991 | D:13     | Found a transporter.
 14145 | D:13     | Reached skill level 10 in Fighting
 14501 | D:13     | Found a gate to the Vaults.
 14566 | D:13     | Found a transporter.
 14568 | D:13     | Found a transporter.
 15542 | D:14     | Reached skill level 10 in Armour
 16303 | D:14     | Found Hagycko's Assorted Antiques.
 16319 | D:14     | Bought a scroll of identify for 64 gold pieces
 16319 | D:14     | Bought an iron wand for 128 gold pieces
 17316 | D:9      | Killed kalagan's ghost
 17325 | D:9      | Identified the +1 long sword of Xeacuy {venom, rPois rCorr}
 17499 | D:15     | Entered Level 15 of the Dungeon
 17702 | D:15     | Reached skill level 12 in Axes
 17702 | D:15     | Reached XP level 14. HP: 111/111 MP: 14/14
 17870 | D:15     | Found a staircase to the Depths.
 18018 | D:15     | Noticed Josephine
 18032 | D:15     | Killed Josephine
 18121 | D:15     | Identified Roxanne's Grimoire of Flesh
 18121 | D:15     | Noticed Roxanne
 18142 | D:15     | Killed Roxanne
 19008 | Orc:1    | Entered Level 1 of the Orcish Mines
 19055 | Lair:1   | Entered Level 1 of the Lair of Beasts
 19129 | Lair:1   | Found a gate leading to a gauntlet.
 19157 | Gauntlet | Entered a Gauntlet
 19157 | Gauntlet | Found a transporter.
 19157 | Gauntlet | Found a transporter.
 19163 | Gauntlet | Found a transporter.
 19178 | Gauntlet | Found a transporter.
 19193 | Gauntlet | Found a transporter.
 19193 | Gauntlet | Found a transporter.
 19195 | Gauntlet | Found a transporter.
 19195 | Gauntlet | Found a transporter.
 19197 | Gauntlet | Found a transporter.
 19206 | Gauntlet | Found the dreamshard necklace {*Dream Drain}
 19207 | Gauntlet | Found a transporter.
 19223 | Gauntlet | Found a transporter.
 19225 | Gauntlet | Noticed a quicksilver ooze
 19233 | Gauntlet | Found a transporter.
 19247 | Gauntlet | Found a transporter.
 19267 | Gauntlet | Found a transporter.
 19582 | Gauntlet | Identified the amulet "Goced" {Acrobat rC+ rN+}
 19793 | Gauntlet | Identified the +1 lajatang "Ziorghib" {heavy, rElec Will+
                  | Str-2 Int+4}
 19886 | Gauntlet | Identified the +3 scale mail "Ungami" {Str+2}
 19886 | Gauntlet | Identified the +5 halberd "Fomarukhun" {flame, Dex+5}
 20046 | Lair:1   | Reached skill level 13 in Axes
 20986 | Lair:2   | Found a staircase to the Shoals.
 21039 | Lair:2   | Noticed Fannar
 21376 | Lair:2   | Killed Fannar
 22510 | Orc:1    | Found Aresaxzosea's Weapon Emporium.
 22866 | Orc:2    | Entered Level 2 of the Orcish Mines
 22933 | Orc:2    | Noticed an orc warlord
 22944 | Orc:2    | Killed an orc warlord
 22945 | Orc:2    | Reached XP level 15. HP: 9/119 MP: 15/15
 23167 | Orc:2    | Noticed Urug
 23259 | Orc:2    | Killed Urug
 23275 | Orc:2    | Noticed Erolcha
 23288 | Orc:2    | Killed Erolcha
 23506 | Orc:2    | Found Ofeofe's Antique Armour Shoppe.
 23581 | Orc:2    | Found Zoatz's General Store.
 23590 | Orc:2    | Bought a potion of mutation for 136 gold pieces
 23590 | Orc:2    | Bought a scroll of magic mapping for 127 gold pieces
 23590 | Orc:2    | Bought a potion of curing for 51 gold pieces
 23647 | Orc:2    | Found Bies's Antique Weapon Shoppe.
 23662 | Orc:2    | Bought a glowing broad axe for 231 gold pieces
 23671 | Orc:2    | Found a staircase to the Elven Halls.
 23703 | Orc:2    | Found Bodethas's Jewellery Shoppe.
 23709 | Orc:2    | Bought the ring "Weanoud" {rF+ rN+ MP+9 Stlth+} for 574
                  | gold pieces
 24272 | Lair:3   | Found a staircase to the Snake Pit.
 24862 | Lair:3   | Found the +8 demon trident "Rift" {distort, reach+}
 25419 | Lair:4   | Reached skill level 14 in Axes
 25430 | Lair:4   | Reached skill level 5 in Shields
 25530 | Lair:4   | Found a hide-covered altar of Uskayaw.
 25530 | Lair:4   | Found an ornate altar of the Wu Jian Council.
 25691 | Lair:4   | Found a viscous altar of Jiyva.
 25718 | Lair:4   | Found a staircase to the Slime Pits.
 25911 | Lair:4   | Identified the +7 leather armour of Light {+Inv Int+3
                  | Slay-5}
 26020 | Lair:5   | Entered Level 5 of the Lair of Beasts
 26566 | Lair:5   | Received a gift from Trog
 26975 | Lair:5   | Found a runed translucent door.
 28585 | Elf:1    | Entered Level 1 of the Elven Halls
 28585 | Elf:1    | Noticed a deep elf sorcerer
 28595 | Elf:1    | Killed a deep elf sorcerer
 28726 | Elf:1    | Gained mutation: You sometimes gain a little power by
                  | taking damage. [demonic ancestry]
 28726 | Elf:1    | Reached XP level 16. HP: 121/129 MP: 16/16
 28822 | Elf:1    | Found Iheminace's General Store.
 28830 | Elf:1    | Bought a wand of paralysis (3) for 122 gold pieces
 28830 | Elf:1    | Bought a potion of curing for 51 gold pieces
 28861 | Elf:1    | Received a gift from Trog
 28888 | Elf:1    | Acquired 866 gold pieces
 28890 | Elf:1    | Acquired the ring of Sayt {rF++ rC+ rN+ Dex+3}
 28957 | Elf:1    | Found Teck's Weapon Emporium.
 29013 | Elf:1    | Found Weovaliv's General Store.
 29022 | Elf:1    | Bought a scroll of summoning for 142 gold pieces
 29022 | Elf:1    | Bought a scroll of fog for 60 gold pieces
 29022 | Elf:1    | Bought a scroll of blinking for 112 gold pieces
 29022 | Elf:1    | Bought a scroll of fog for 60 gold pieces
 29022 | Elf:1    | Bought a potion of mutation for 120 gold pieces
 29022 | Elf:1    | Bought a potion of heal wounds for 75 gold pieces
 29218 | Elf:1    | Paralysed by an air elemental for 1 turns
 29515 | Elf:1    | Found Gidwep's Armour Shop.
 29518 | Elf:1    | Bought the +1 buckler of Hubris {Dex+2} for 310 gold pieces
 29958 | Elf:2    | HP: 1/129 [+0 morningstar of venom (25)]
 29960 | Elf:2    | Succumbed to a +0 morningstar of venom's poison

Illustrated notes

Levels and vault maps discovered:
D:1:      tarquinn_simple_flora_water_f, layout_loops_ring,
          serial_bayou_crossing
D:2:      layout_basic, serial_shops, shop_coins, basic_altar
D:3:      layout_basic, xom_teletrap_fun, dk_noncrumbling_2, chequers_jeans,
          uniq_robin
D:4:      layout_layer_cave, nicolae_gozag_cash_rules_everything_around_me,
          minmay_misc_feat_ornament, hangedman_decor_push, uniq_ijyb,
          uniq_duvessa
D:5:      minmay_angry_zag, layout_rooms, nicolae_overflow_hidden_temple,
          jmf_multi_god_temple2, minmay_temple_entry_sparse_star, st_stairs_10,
          nicolae_shop_i_like_big_books, guppyfry_shop_venom,
          uniq_crazy_yiuf_cottage, uniq_grinder
D:6:      layout_rooms, serial_corexii_hall, corexii_hall_statues_s,
          corexii_hall_statues_l, uniq_menkaure
D:7:      layout_loops_ring, general_overflow_altar, mainiacjoe_overflow_paths,
          enter_bailey_6, hellmonk_ghost_happy_afterlife
D:8:      layout_basic, nemelex_xobeh_ov_fountains_minmay,
          nicolae_ru_great_annihilating_truth, st_stairs_14, uniq_gastronok,
          uniq_maggie, uniq_pikel
D:9:      layout_cross, gammafunk_ghost_hydra_chop
D:10:     hangedman_cross_stitches, layout_loops_cross, kennysheep_slug_shrine,
          erik_lair_orcish_takeover, minmay_orc_entry_guard_dogs
D:11:     kennysheep_town
D:12:     layout_roguey
D:13:     layout_long_grid, ximxim_vaults_locker_room, minmay_misc_feat_tiny,
          serial_nicolae_subway, nicolae_sub_station_stone,
          nicolae_sub_station_crystal, nicolae_sub_station_metal
D:14:     layout_loops_ring, serial_shops, nicolae_shop_tiny_glass,
          chequers_hall_statues_corner_a, minmay_unpleasant_kobolds
D:15:     grunt_enter_depths_hoard, layout_gridville,
          chequers_serial_rivers_large_b, uniq_josephine, uniq_roxanne
Lair:1:   layout_chaotic_city, gauntlet_entry_generic, worms_lemuel
Lair:2:   layout_cave_pods, nicolae_shoals_entry_roost, serial_bayou_pond_d,
          grunt_megastairs_5, uniq_fannar
Lair:3:   layout_regular_city, dummy_snake_entry, lemuel_fruit_fields
Lair:4:   layout_gridlike, nicolae_slime_entry_field_trip, basic_altar,
          chequers_serial_rivers_small_3, nzn_masters_of_martial_movement,
          serial_bayou_shore_b, infiniplex_staircase_pool_2
Lair:5:   hangedman_lair_caniforms_friends, layout_layer_cave, wormcave,
          serial_rivers, chequers_serial_rivers_micro_b,
          chequers_serial_rivers_room_b, chequers_serial_rivers_room_b,
          chequers_serial_rivers_micro_b
Orc:1:    layout_caves, serial_shops, shop, basic_altar
Orc:2:    grunt_orc_cross, layout_diamond_mine, uniq_erolcha
Elf:1:    layout_geoelf_diagonals, serial_shops, shop, shop,
          nicolae_shop_real_fake_doors, shop, minmay_elf_necromancy
Elf:2:    nicolae_elf_blades_splatter_lattice
          [nicolae_blade_entry_splitting_headache], layout_geoelf_octagon,
          serial_shops, shop_statue, lemuel_statue_altar

Skill      XL: |  1  2  3  4  5  6  7  8  9 10 11 12 13 14 15 16 |
---------------+-------------------------------------------------+-----
Armour         | 2 3 4 5 6 7 8 9 10 11 12 | 12.0
Dodging        | 2 3 4 5 6 7 8 9 |  9.3
Axes           | 3 4 5 6 7 8 9 10 12 13 14 | 14.8
Fighting       | 4 5 6 7 8 9 10 11 12 | 12.8
Evocations     | 1 3 4 5 6 7 8 |  8.7
Stealth        | 1 2 3 |  3.5
Throwing       | 1 2 3 4 5 6 7 8 9 |  9.1
Long Blades    | 1 3 |  3.8
Shields        | 1 3 4 5 6 |  6.2

Action                     |  1- 3 |  4- 6 |  7- 9 | 10-12 | 13-15 | 16-18 || total
---------------------------+-------+-------+-------+-------+-------+-------++-------
  Melee: Hand axe          |    64 |       |    13 |   639 |   212 |       ||   928
         War axe           |    55 |    71 |   224 |       |       |       ||   350
         Touch             |       |    10 |    33 |   117 |   207 |       ||   367
         Punch             |       |       |     2 |     9 |    15 |       ||    26
         Broad axe         |       |       |       |       |   858 |   113 ||   971
  Throw: Dart              |       |       |     8 |    39 |    20 |     1 ||    68
 Invoke: Berserk           |     2 |     4 |     6 |    14 |    19 |     3 ||    48
         Trog's Hand       |       |     2 |     4 |     6 |     9 |     1 ||    22
         Brothers in Arms  |       |       |       |     6 |     9 |     3 ||    18
  Evoke: Wand              |       |       |    15 |    17 |    36 |     2 ||    70
         Box of beasts     |       |       |       |       |     3 |       ||     3
         Tin of tremorston |       |       |       |       |     2 |     1 ||     3
    Use: Potion            |       |     2 |     4 |     4 |     9 |     3 ||    22
         Scroll            |       |       |     6 |    20 |    31 |     3 ||    60
   Stab: Sleeping          |     2 |       |       |     1 |       |     1 ||     4
         Paralysed         |       |       |     8 |     1 |       |       ||     9
         Invisible         |       |       |       |     3 |     1 |       ||     4
         Distracted        |       |       |       |       |     2 |       ||     2
 Armour: Animal skin       |     3 |       |       |       |       |       ||     3
         Ring mail         |    58 |    51 |    84 |       |       |       ||   193
         Scale mail        |       |       |   104 |    76 |       |       ||   180
         Swamp dragon scal |       |       |       |   169 |       |       ||   169
         Chain mail        |       |       |       |   158 |   627 |    52 ||   837
  Dodge: Dodged            |    91 |    69 |   156 |   414 |  1159 |    82 ||  1971
  Block: Buckler           |       |       |       |       |    18 |    27 ||    45
